 Dungeon Crawl Stone Soup version 0.31.0-9-g3a7656b989 (webtiles) character file.

Game seed: 9533519436066687474

31227 Hans the Marksminotaur (level 13, -4/119 HPs)
             Began as a Minotaur Hunter on Jan 25, 2024.
             Was a High Priest of Fedhas.
             Slain by a +3 battleaxe of distortion (7 damage)
             ... on level 1 of the Elven Halls.
             The game lasted 00:46:06 (13179 turns).

Hans the Marksminotaur (Minotaur Hunter)           Turns: 13179, Time: 00:46:06

Health: -4/119     AC: 12    Str: 18    XL:     13   Next: 24%
Magic:  0/17       EV: 24    Int:  6    God:    Fedhas [*****.]
Gold:   1640       SH:  0    Dex: 17    Spells: 11/14 levels left

rFire   . . .        S - +0 arbalest (heavy)
rCold   + . .        (shield currently unavailable)
rNeg    . . .        B - +5 robe of Misfortune {Harm *Corrode *Slow EV+5}
rPois   .            C - +2 hat
rElec   .            (no cloak)
rCorr   .            K - +2 pair of gloves
SInv    .            (no boots)
Will    +....        u - amulet of guardian spirit
Stlth   ++           F - ring of willpower
HPRegen 0.39/turn    D - ring of protection from cold
MPRegen 0.15/turn

%: corrode self (3%), slow self (1%), harm (+30% outgoing, +20% incoming),
guardian spirit
@: no status effects
A: horns 2, retaliatory headbutt
a: Renounce Religion, Wall of Briars, Grow Ballistomycete, Overgrow, Grow Oklob


You were on level 1 of the Elven Halls.
You worshipped Fedhas.
Fedhas was extremely pleased with you.
You visited 4 branches of the dungeon, and saw 15 of its levels.

You collected 1715 gold pieces.
You spent 75 gold pieces at shops.

Inventory:

Hand Weapons
 a - a +0 shortbow
 p - a +5 great sword
 w - a +0 orcbow
 x - a +2 shortbow of freezing
 J - a +2 falchion
 S - a +0 heavy arbalest (weapon)
Missiles
 e - 76 stones
 s - 15 poisoned darts
 N - 3 boomerangs
 R - 2 throwing nets
Armour
 c - a +0 leather armour
 B - the +5 robe of Misfortune (worn) {Harm *Corrode *Slow EV+5}
   (You found it on level 3 of the Dungeon)

   EV+5:      It affects your evasion (+5).
   *Corrode:  It may corrode you when you take damage.
   *Slow:     It may slow you when you take damage.
   Harm:      It increases damage dealt and taken.
 C - a +2 hat (worn)
 K - a +2 pair of gloves (worn)
 P - a +0 ring mail
Jewellery
 n - a ring of resist corrosion
 u - an amulet of guardian spirit (around neck)
 D - a ring of protection from cold (right hand)
 F - a ring of willpower (left hand)
 M - a ring of willpower
Wands
 r - a wand of charming (13)
Scrolls
 b - a scroll of butterflies
 d - 2 scrolls of amnesia
 g - 6 scrolls of teleportation
 h - 6 scrolls of immolation
 i - 3 scrolls of enchant weapon
 j - 4 scrolls of silence
 k - a scroll of brand weapon
 m - a scroll of poison
 v - 4 scrolls of blinking
 y - 2 scrolls of revelation {unknown}
 A - 3 scrolls of noise
 I - a scroll of fog {unknown}
 L - a scroll of vulnerability {unknown}
Potions
 f - a potion of degeneration {unknown}
 l - a potion of cancellation {unknown}
 q - 2 potions of ambrosia {unknown}
 t - 3 potions of curing
 z - a potion of berserk rage {unknown}
 E - 2 potions of brilliance {unknown}
 G - a potion of resistance {unknown}
 H - 2 potions of enlightenment {unknown}
 O - 6 potions of attraction
 Q - a potion of haste {unknown}
 T - a potion of heal wounds


   Skills:
 + Level 12.9 Fighting
 * Level 16.7 Ranged Weapons
 - Level 1.2 Armour
 + Level 12.0 Dodging
 - Level 3.0 Stealth
 - Level 1.0 Spellcasting
 - Level 1.0 Air Magic
 - Level 7.1 Invocations


You had 11 spell levels left.
You knew the following spells:

 Your Spells              Type           Power      Damage    Failure   Level
a - Swiftness             Air            1%         N/A       65%         3

Your spell library contained the following spells:

 Spells                   Type           Power      Damage    Failure   Level
 Sting                    Conj/Alch      0%         1d3       41%         1
 Mercury Vapours          Alch/Air       0%         N/A       50%         2
 Cigotuvi's Dreadful Rot  Necr/Alch/Air  0%         N/A       52%         2
 Ensorcelled Hibernation  Hex/Ice        0%         N/A       56%         2
 Jinxbite                 Hex            0%         N/A       56%         2
 Scorch                   Fire           0%         2d5       56%         2
 Dazzling Flash           Conj/Hex       0%         N/A       80%         3
 Passwall                 Erth           0%         N/A       80%         3
 Volatile Blastmotes      Fire/Tloc      0%         2d10      80%         3
 Flame Wave               Conj/Fire      0%         2d4       99%         4
 Ignite Poison            Fire/Alch      0%         N/A       99%         4
 Olgreb's Toxic Radiance  Alch           0%         N/A       99%         4
 Freezing Cloud           Conj/Ice/Air   0%         6-21      100%        5
 Yara's Violent Unravell  Hex/Alch       0%         3d3       100%        5
 Starburst                Conj/Fire      0%         6d3       100%        6
 Summon Cactus Giant      Summ           0%         N/A       100%        6
 Enfeeble                 Hex            0%         N/A       100%        7
 Maxwell's Capacitive Co  Air            0%         ∞         100%        8


Dungeon Overview and Level Annotations

Branches:
Dungeon (11/15)            Temple (1/1) D:5            Lair (0/5) D:8
    Orc (2/2) D:9             Elf (1/3) Orc:2

Altars:
Ashenzari
Cheibriados
Dithmenos
Elyvilon
Fedhas
Gozag
Hepliaklqana
Kikubaaqudgha
Makhleb
Nemelex Xobeh
Okawaru
Qazlal
Ru
Sif Muna
Trog
Uskayaw
Vehumet
Wu Jian
Xom
Yredelemnul
Zin
The Shining One

Shops:
Orc:1 [   Orc:2 (!!:

Annotations:
Orc:2 3 runed translucent doors, Hans's ghost, journeyman MiFi


Innate Abilities, Weirdness & Mutations

You have a pair of horns on your head.
You reflexively headbutt those who attack you in melee.


Message History

Press: ? - help, Shift-Dir - straight line, f/p - deep elf zephyrmancer
Aim: a deep elf zephyrmancer, wielding a +0 rapier (severely wounded, 62% to hit)
You shoot a bolt.
The bolt hits the deep elf zephyrmancer!!!
You kill the deep elf zephyrmancer!
Fedhas appreciates your contribution to the ecosystem.
Your Dodging skill increases to level 12!
You hear the stately tolling of a very distant bell.
Okay, then.
As you read the scroll of teleportation, it crumbles to dust.
You feel strangely unstable.
Your surroundings suddenly seem different.
Found a scroll labelled KETIMOZ PERUA.
You are too injured to fight recklessly!
Fire: S) +0 arbalest (heavy)
Press: ? - help, Shift-Dir - straight line, f - +3 battleaxe of distortion
Aim: a +3 battleaxe of distortion (51% to hit)
You shoot a bolt.
The bolt hits the +3 battleaxe of distortion but does no damage.
The +3 battleaxe of distortion completely misses you.
Unknown command.
Fire: S) +0 arbalest (heavy)
Press: ? - help, Shift-Dir - straight line, f/p - +3 battleaxe of distortion
Aim: a +3 battleaxe of distortion (51% to hit)
You shoot a bolt.
The bolt closely misses the +3 battleaxe of distortion.
The +3 battleaxe of distortion hits you!!
* * * LOW HITPOINT WARNING * * *
Space warps horribly around you!
* * * LOW HITPOINT WARNING * * *
The +3 battleaxe of distortion closely misses you.
You furiously retaliate!
You headbutt the +3 battleaxe of distortion, but do no damage.
Unknown command.
As you read the scroll of butterflies, it crumbles to dust.
You hear the flapping of tiny wings.
The +3 battleaxe of distortion is knocked back by the sudden gust.
The +3 battleaxe of distortion hits you!
You die...
Fedhas appreciates your contribution to the ecosystem. ## #.# .# #.# .# #b# .# bb#

.# # #b# .#
#..#######b## e#
#..#..bbb@bb#
e#######..#.#####(#b#
eEEE§.....)....# b#
E##########.##.# b#
.# #. ... .# ## ##
#.#### #.# #?#


You could see a +3 battleaxe of distortion (ally target).

Vanquished Creatures
  4 ogre magi
  21 two-headed ogres
  A deep elf archer (Elf:1)
  An orc knight (Orc:1)
  An orc sorcerer (Orc:1)
  A deep elf pyromancer (Elf:1)
  2 deep elf zephyrmancers
  A manticore (D:11)
  6 kobold blastminers
  Psyche (D:8)
  2 trolls (Orc:1)
  7 yaks
  A shadow (D:9)
  2 wyverns
  Eustachio (D:5)
  Grum (D:11)
  2 wargs (Orc:2)
  7 vampire mosquitoes (D:11)
  7 water moccasins
  2 ice beasts
  4 sky beasts
  5 black bears
  7 orc warriors
  4 wolves (D:11)
  24 ogres
  2 phantoms
  3 centaurs
  2 gnoll sergeants (D:9)
  A kobold brigand (D:6)
  5 bullfrogs
  A wyvern zombie (D:7)
  2 scorpions
  8 wights
  10 killer bees
  5 howler monkeys
  3 centaur zombies (D:7)
  3 hounds
  2 bombardier beetles
  3 jellies
  14 orc priests
  3 iguanas
  12 orc wizards
  2 killer bee zombies (D:7)
  A howler monkey zombie (D:7)
  14 gnolls
  5 adders
  A shadow imp (D:6)
  3 white imps
  2 ufetubi (D:6)
  3 ribbon worms
  2 dart slugs
  71 orcs
  5 endoplasms
  3 giant cockroaches
  11 goblins
  4 hobgoblins
  5 quokkas
  5 ball pythons
  6 bats
  4 frilled lizards
  7 kobolds
  2 rats (D:1)
350 creatures vanquished.

Notes
Turn   | Place    | Note
-------+----------+-------------------------------------------
     0 | D:1      | Hans the Minotaur Hunter began the quest for the Orb.
     0 | D:1      | Reached XP level 1. HP: 18/18 MP: 0/0
    44 | D:1      | Reached skill level 1 in Stealth
   108 | D:1      | Reached XP level 2. HP: 25/25 MP: 1/1
   494 | D:1      | Found a faded altar of an unknown god.
   749 | D:2      | Reached XP level 3. HP: 25/31 MP: 2/2
  1231 | D:2      | Reached skill level 5 in Ranged Weapons
  1828 | D:3      | Reached XP level 4. HP: 38/38 MP: 3/3
  1978 | D:3      | Reached skill level 1 in Armour
  2205 | D:3      | Found a hide-covered altar of Uskayaw.
  2327 | D:3      | Found the +5 robe of Misfortune {Harm *Corrode *Slow EV+5}
  2338 | D:3      | Found a glowing golden altar of the Shining One.
  2548 | D:3      | Found a faded altar of an unknown god.
  2548 | D:3      | Found an ornate altar of the Wu Jian Council.
  2556 | D:3      | Found a faded altar of an unknown god.
  2561 | D:3      | Found a sparkling altar of Nemelex Xobeh.
  2563 | D:3      | Found a broken altar of Ashenzari.
  2684 | D:4      | Reached XP level 5. HP: 46/46 MP: 4/4
  2752 | D:4      | Noticed a black bear
  2757 | D:4      | Killed a black bear
  2758 | D:4      | Reached skill level 6 in Ranged Weapons
  2939 | D:4      | Reached XP level 6. HP: 52/52 MP: 5/5
  3187 | D:4      | Found a hazy altar of Hepliaklqana.
  3420 | D:5      | Entered Level 5 of the Dungeon
  3435 | D:5      | Noticed a water moccasin
  3450 | D:5      | Killed a water moccasin
  3534 | D:5      | Reached skill level 7 in Ranged Weapons
  3591 | D:5      | Reached XP level 7. HP: 60/60 MP: 6/6
  3603 | D:5      | Reached skill level 5 in Fighting
  3866 | D:5      | Noticed Eustachio
  3897 | D:5      | Killed Eustachio
  3968 | D:5      | Reached skill level 8 in Ranged Weapons
  3968 | D:5      | Reached skill level 5 in Dodging
  3982 | D:5      | Reached XP level 8. HP: 70/70 MP: 7/7
  3982 | D:5      | Found a staircase to the Ecumenical Temple.
  3991 | Temple   | Entered the Ecumenical Temple
  4032 | D:5      | Found a blossoming altar of Fedhas.
  4164 | D:5      | Found a sacrificial altar of Ru.
  4209 | D:5      | Became a worshipper of Fedhas Madash
  4503 | D:6      | Reached skill level 1 in Invocations
  4660 | D:6      | Reached skill level 9 in Ranged Weapons
  5168 | D:6      | Found a glowing silver altar of Zin.
  5283 | D:6      | Reached * piety under Fedhas
  5284 | D:6      | Reached XP level 9. HP: 72/79 MP: 8/10
  5606 | D:7      | Reached skill level 10 in Ranged Weapons
  5837 | D:7      | Found a basalt altar of Yredelemnul.
  6058 | D:8      | Reached ** piety under Fedhas
  6059 | D:8      | Reached skill level 11 in Ranged Weapons
  6147 | D:8      | Reached XP level 10. HP: 84/89 MP: 10/12
  6163 | D:8      | Found a staircase to the Lair.
  6420 | D:8      | Found a bloodstained altar of Trog.
  6442 | D:8      | Reached skill level 5 in Invocations
  6595 | D:8      | Noticed Psyche
  6610 | D:8      | Killed Psyche
  6788 | D:8      | Found a shadowy altar of Dithmenos.
  7213 | D:9      | Reached *** piety under Fedhas
  7351 | D:9      | Reached skill level 12 in Ranged Weapons
  7910 | D:9      | Found a staircase to the Orcish Mines.
  8327 | D:9      | Reached **** piety under Fedhas
  8553 | D:9      | You fall into a shaft and drop 2 floors!
  8572 | D:11     | Noticed Grum
  8594 | D:11     | Killed Grum
  8676 | D:11     | Noticed a manticore
  8691 | D:11     | Killed a manticore
  8692 | D:11     | Reached XP level 11. HP: 94/99 MP: 12/14
  8868 | D:11     | Noticed a two-headed ogre
  8907 | D:11     | Killed a two-headed ogre
  8926 | D:11     | Reached skill level 13 in Ranged Weapons
  8985 | D:11     | Reached skill level 10 in Fighting
  9164 | D:10     | Entered Level 10 of the Dungeon
  9277 | D:9      | Noticed a two-headed ogre
  9311 | D:9      | Killed a two-headed ogre
  9325 | D:9      | Reached ***** piety under Fedhas
  9526 | Orc:1    | Entered Level 1 of the Orcish Mines
  9594 | Orc:1    | Noticed an orc knight
  9594 | Orc:1    | Noticed an orc sorcerer
  9759 | Orc:2    | Entered Level 2 of the Orcish Mines
  9928 | Orc:2    | Found a runed translucent gate.
  9928 | Orc:2    | Found a runed translucent gate.
  9934 | Orc:2    | Found a runed translucent gate.
 10011 | Orc:2    | Found a staircase to the Elven Halls.
 10033 | Orc:2    | Noticed a two-headed ogre
 10034 | Orc:2    | Noticed a two-headed ogre
 10044 | Orc:2    | Noticed an ogre mage
 10045 | Orc:2    | Noticed a two-headed ogre
 10045 | Orc:2    | Noticed a two-headed ogre
 10048 | Orc:2    | Noticed a two-headed ogre
 10075 | Orc:1    | Killed a two-headed ogre
 10324 | Orc:1    | Killed a two-headed ogre
 10433 | Orc:2    | Noticed a two-headed ogre
 10647 | D:9      | Learned a level 3 spell: Swiftness
 10667 | Orc:1    | Killed a two-headed ogre
 10668 | Orc:1    | Reached skill level 1 in Spellcasting
 10668 | Orc:1    | Reached skill level 1 in Air Magic
 10772 | D:9      | Killed a two-headed ogre
 10823 | D:9      | Killed a two-headed ogre
 10824 | D:9      | Reached skill level 14 in Ranged Weapons
 10857 | Orc:1    | Reached skill level 10 in Dodging
 10886 | D:9      | Killed a two-headed ogre
 11078 | Orc:1    | Killed an ogre mage
 11079 | Orc:1    | Reached XP level 12. HP: 110/110 MP: 16/16
 11254 | Orc:2    | Noticed an ogre mage
 11256 | Orc:2    | Noticed a two-headed ogre
 11263 | Orc:1    | Killed an ogre mage
 11268 | Orc:2    | Killed a two-headed ogre
 11277 | Orc:2    | Noticed a two-headed ogre
 11283 | Orc:2    | Killed a two-headed ogre
 11285 | Orc:2    | Noticed a two-headed ogre
 11288 | Orc:2    | Killed a two-headed ogre
 11289 | Orc:2    | Reached skill level 15 in Ranged Weapons
 11290 | Orc:2    | Noticed a two-headed ogre
 11291 | Orc:2    | Noticed a two-headed ogre
 11294 | Orc:2    | Killed a two-headed ogre
 11298 | Orc:2    | Killed a two-headed ogre
 11336 | Orc:2    | Noticed a two-headed ogre
 11341 | Orc:2    | Killed a two-headed ogre
 11356 | Orc:2    | Noticed a two-headed ogre
 11357 | Orc:2    | Noticed an ogre mage
 11368 | Orc:2    | Killed a two-headed ogre
 11370 | Orc:2    | Noticed a two-headed ogre
 11375 | Orc:2    | Killed an ogre mage
 11406 | Orc:2    | Noticed a two-headed ogre
 11413 | Orc:2    | Noticed a two-headed ogre
 11415 | Orc:2    | Killed a two-headed ogre
 11421 | Orc:2    | Killed a two-headed ogre
 11422 | Orc:2    | Noticed a two-headed ogre
 11423 | Orc:2    | Killed a two-headed ogre
 11440 | Orc:2    | Killed a two-headed ogre
 11441 | Orc:2    | Reached skill level 16 in Ranged Weapons
 11562 | Orc:2    | Identified the +1 buckler of the Cuttlefish {Str-3 Int+5}
 11564 | Orc:2    | Noticed Hans's ghost (journeyman MiFi)
 11586 | Orc:2    | Noticed a two-headed ogre
 11615 | Orc:2    | Killed a two-headed ogre
 11688 | Orc:2    | Noticed an ogre mage
 11693 | Orc:2    | Paralysed by an ogre mage for 4 turns
 11697 | Orc:2    | Killed an ogre mage
 11826 | Orc:2    | Reached XP level 13. HP: 119/119 MP: 17/17
 11934 | Orc:2    | Found Jovotisu's Distillery.
 11934 | Orc:2    | Found Jutoor's Antique Weapon Boutique.
 11935 | Orc:2    | Found Tazamp's Book Shop.
 11935 | Orc:2    | Found Sirieg's Distillery.
 12583 | Orc:1    | Found Caiduusk's Armour Boutique.
 12941 | Orc:2    | Bought a potion of heal wounds for 75 gold pieces
 12950 | Elf:1    | Entered Level 1 of the Elven Halls
 13178 | Elf:1    | HP: 2/119 [+3 battleaxe of distortion (7)]
 13179 | Elf:1    | Slain by a +3 battleaxe of distortion

Illustrated notes

Levels and vault maps discovered:
D:1:      lemuel_arrival_behind_the_door_large, layout_basic,
          dreamdust_ecumenical_altar_hidden_monk_grotto
D:2:      layout_loops_corners, minmay_bisected
D:3:      layout_basic, mainiacjoe_overflow_six_doors_small,
          nicolae_uskayaw_suspiria, chequers_temple_overflow_minitemple,
          minmay_between
D:4:      layout_gridville, mainiacjoe_overflow_alcove_2
D:5:      layout_basic, nicolae_ru_path_of_blood, fedhas_altar_1,
          temple_fountains, uniq_eustachio
D:6:      layout_layer_cave, marbit_many_paths
D:7:      layout_rooms, nicolae_yredelemnul_corpse_copse
D:8:      layout_basic, nicolae_dithmenos_through_a_glass_darkly,
          trog_ov_bears_minmay, due_lair_maze_entry_diamond, minmay_liquid_box,
          uniq_psyche
D:9:      layout_roguey, hiddenorc2_lemuel
D:10:     layout_rooms, enter_trove_3, grunt_decor_resistance,
          minmay_diamond_spiral
D:11:     nzn_winding_woodlands_medium [nzn_winding_woodlands_5x5_open_star,
          nzn_winding_woodlands_5x15_twine,
          nzn_winding_woodlands_5x5_closed_star,
          nzn_winding_woodlands_5x5_default, nzn_winding_woodlands_center_lodge,
          nzn_winding_woodlands_5x5_checkerboard,
          nzn_winding_woodlands_5x5_cross, nzn_winding_woodlands_5x15_jagged,
          nzn_winding_woodlands_5x5_three], layout_loops_corners, uniq_grum
Temple:   nicolae_temple_bog_church
Orc:1:    layout_caves, serial_shops, shop
Orc:2:    st_orc_ogre_mass, layout_caves, biasface_ghost_orc_armoury
Elf:1:    minmay_elf_crystal_square, layout_loops_cross, serial_shops,
          bzr_entry_road, nicolae_elf_shapeshifter_party, uniq_norris,
          uniq_roxanne

Skill      XL: |  1  2  3  4  5  6  7  8  9 10 11 12 13 |
---------------+----------------------------------------+-----
Stealth        | 1 2 3 |  3.0
Fighting       | 3 4 5 7 8 9 11 12 | 12.9
Ranged Weapons | 5 6 7 8 9 11 12 14 16 | 16.7
Dodging        | 3 4 5 6 7 8 10 11 12 | 12.0
Armour         | 1 |  1.2
Invocations    | 2 4 6 7 |  7.1
Spellcasting   | 1 |  1.0
Air Magic      | 1 |  1.0

Action                     |  1- 3 |  4- 6 |  7- 9 | 10-12 | 13-15 || total
---------------------------+-------+-------+-------+-------+-------++-------
  Melee: Shortbow          |       |       |     1 |       |       ||     1
   Fire: Shortbow          |   107 |   150 |   308 |       |       ||   565
         Orcbow            |       |       |   114 |   472 |       ||   586
         Arbalest          |       |       |       |   211 |    92 ||   303
  Throw: Throwing net      |       |       |       |       |     1 ||     1
 Invoke: Wall of Briars    |       |       |       |     1 |     1 ||     2
  Evoke: Wand              |       |     1 |     2 |     3 |       ||     6
    Use: Potion            |       |       |     1 |       |     1 ||     2
         Scroll            |       |       |       |     2 |    12 ||    14
 Armour: Leather armour    |    11 |       |       |       |       ||    11
         Ring mail         |       |    18 |       |       |       ||    18
         Robe              |       |    14 |   100 |   124 |    38 ||   276
  Dodge: Dodged            |    19 |    40 |   139 |   406 |    55 ||   659
